 Dungeon Crawl Stone Soup version 0.31-b1-20-g67cafac56d (webtiles) character file.

Game seed: 12427286252742791752

2 Esekla the Sneak (level 1, 16/16 HPs)
             Began as an Octopode Delver on Jan 18, 2024.
             Quit the game on level 5 of the Dungeon.
             The game lasted 00:01:17 (129 turns).

Esekla the Sneak (Octopode Delver)                   Turns: 129, Time: 00:01:18

Health: 16/16      AC:  1    Str: 11    XL:     1   Next: 40%
Magic:  1/1        EV: 13    Int: 12    God:
Gold:   0          SH:  0    Dex: 13    Spells: 0/0 levels left

rFire   . . .        a - +0 falchion
rCold   . . .        (no shield)
rNeg    . . .        (helmet restricted)
rPois   .            (no amulet)
rElec   .            (no ring)
rCorr   .            (no ring)
SInv    .            (no ring)
Will    .....        (no ring)
Stlth   ++++         (no ring)
HPRegen 0.22/turn    (no ring)
MPRegen 0.07/turn    (no ring)
                     (no ring)

%: no passive effects
@: no status effects
A: almost no armour, amphibious, 8 rings, camouflage 1, gelatinous body 1,
(nimble swimmer 1), tentacles
a: no special abilities


You were on level 5 of the Dungeon.
You visited 1 branch of the dungeon, and saw 1 of its levels.

Inventory:

Hand Weapons
 a - a +0 falchion (weapon)
Wands
 f - a wand of digging (3)
Scrolls
 b - a scroll of fog
Potions
 e - a potion of haste


   Skills:
 * Level 3.0 Fighting
 * Level 2.0 Long Blades
 * Level 2.0 Dodging
 + Level 6.7 Stealth


You couldn't memorise any spells.
You didn't know any spells.
Your spell library was empty.

Dungeon Overview and Level Annotations

Branches:
Dungeon (5/15)
 Temple: D:4-7

Altars:
The Shining One

Annotations:
D:5 3 runed translucent doors, Esekla's ghost, amateur OpDe


Innate Abilities, Weirdness & Mutations

You cannot wear most types of armour.
You are amphibious.
You can wear up to eight rings at the same time.
Your skin changes colour to match your surroundings (Stealth+).
Your rubbery body absorbs attacks. (AC +1, EV +1)
((You are camouflaged when in or above water. (Stealth+)))
You have tentacles for arms and can constrict up to eight enemies at once.


Message History

It is said that the Orb of Zot exists deep within this dungeon.
Press ? for a list of commands and other information.
Found a stone staircase leading down.
Found a lajatang.
As you read the scroll of revelation, it crumbles to dust.
You feel aware of your surroundings.
You sensed 2 altars.
Found a runed translucent gate.
An ogre comes into view. It is wielding a +0 giant spiked club.
The orc shouts!
You hear a shout!
The orc shouts!
You hear a shout! x3
Found a robe.
Found a roughly hewn altar of Beogh.
Found 9 gold pieces and a worn bronze wand.
An orc comes into view. It is wielding a +0 club.
An orc comes into view. It is wielding a +0 war axe.
An orc comes into view. It is wielding a +0 flail.
The orc shouts!
The orc shouts!
An orc comes into view. It is wielding a +0 falchion.
As you read the scroll of fear, it crumbles to dust.
You assume a fearsome visage.
The orc looks frightened! x4
The ogre looks frightened!
The orc begs, "Please don't kill me!"
A dart slug comes into view.
The dart slug bites you.
You hit the dart slug. You grab the dart slug.
The dart slug is lightly wounded.
You constrict the dart slug, but do no damage.
You hit the dart slug but do no damage.
The dart slug is lightly wounded.
You constrict the dart slug. The dart slug bites you.
You hit the dart slug.
The dart slug is almost dead.
You constrict the dart slug.
You kill the dart slug!
Found a whip.
A hound comes into view.
You open the door.
An adder comes into view.
There is an open door here.
Found a glowing golden altar of the Shining One.
Are you sure you want to abandon this character and quit the game? (Confirm with "yes".)

*,,,,#########.#
##***,,,#.........#
#.***#..##.#####..#
#.,***#..)h....#..#
#.^,**########.#..#
#*#....#########.#..#
##.#.,#....S.#....#..#
#._..#######.'.####..#
**,#.@#......#.......#
**#....#########.####
****#...## *,# *
*,,*#..##*** *,* *
*<,*#.## *,* *,* *
*,,*##****,* *,****
*,,* *,*,* *,**,, *,**
*,*,* *,**,* *,*
*,*,*******,**,*


There were no monsters in sight!

Vanquished Creatures
  A dart slug (D:5)
1 creature vanquished.

Notes
Turn   | Place    | Note
-------+----------+-------------------------------------------
     0 | D:5      | Esekla the Octopode Delver began the quest for the Orb.
     0 | D:5      | Reached XP level 1. HP: 16/16 MP: 1/1
    61 | D:5      | Found a runed translucent gate.
    62 | D:5      | Found a runed translucent gate.
    63 | D:5      | Found a runed translucent gate.
    64 | D:5      | Noticed an ogre
    64 | D:5      | Noticed an orc priest
    66 | D:5      | Noticed Esekla's ghost (amateur OpDe)
    66 | D:5      | Identified the +0 ring mail "Athreixt" {Fly}
   109 | D:5      | Noticed a hound
   127 | D:5      | Found a glowing golden altar of the Shining One.
   129 | D:5      | Quit the game

Illustrated notes

Levels and vault maps discovered:
D:5:      layout_basic, nicolae_tso_swordbearing_angel,
          biasface_ghost_orc_armoury

Action                     || total
---------------------------++-------
  Melee: Falchion          ||     3
         Constrict         ||     1
    Use: Scroll            ||     2
 Armour: Skin              ||     2
